 Dungeon Crawl Stone Soup version 0.28-a0-10-g964c8b829e (webtiles) character file.

Game seed: 3638019331552003768

2849 Gwenloh the Fighter (level 9, -7/74 HPs)
             Began as a Barachi Fighter on July 25, 2021.
             Was a Priest of Yredelemnul.
             Mangled by a wight (8 damage)
             ... on level 1 of the Abyss.
             The game lasted 00:38:14 (9541 turns).

Gwenloh the Fighter (Barachi Fighter)               Turns: 9541, Time: 00:38:15

Health: -7/74      AC: 14    Str: 18    XL:     9   Next: 74%
Magic:  12/12      EV:  9    Int:  9    God:    Yredelemnul [***...]
Gold:   435        SH: 11    Dex: 14    Spells: 8/8 levels left

rFire   . . .      SeeInvis .   a - +0 long sword
rCold   . . .      Faith    .   c - +0 kite shield
rNeg    . . .      Spirit   .   q - +4 ring mail
rPois   .          Reflect  .   (no helmet)
rElec   .          Harm     .   (no cloak)
rCorr   .          Rampage  .   r - +1 pair of gloves
Will    .....                   x - +0 pair of boots
Stlth   +.........              z - amulet of the acrobat
HPRegen 0.22/turn               (no ring)
MPRegen 0.13/turn               (no ring)

@: slow
A: amphibious, slowness 1, strong legs 1, +LOS
a: Hop, Renounce Religion, Recall Undead Slaves, Injury Mirror, Animate Dead


You were on level 1 of the Abyss.
You worshipped Yredelemnul.
Yredelemnul was most pleased with you.
You visited 1 branch of the dungeon, and saw 7 of its levels.
You visited the Abyss 1 time.

You collected 435 gold pieces.

Inventory:

Hand Weapons
 a - a +0 long sword (weapon)
 b - a +0 hand crossbow
 v - a +0 rapier
 G - a +0 hunting sling
 I - the +9 dagger "Uram" {protect, rElec SInv}
   (You took it off a kobold on level 6 of the Dungeon)

   It grants its wielder temporary protection when it strikes (+7 to AC).
   rElec:     It insulates you from electricity.
   SInv:      It lets you see invisible.
Missiles
 g - 75 sling bullets
 h - 154 stones
 m - 50 bolts
 u - 33 poisoned darts (quivered)
 y - 2 atropa-tipped darts
Armour
 c - a +0 kite shield (worn)
 q - a +4 ring mail (worn)
 r - a +1 pair of gloves (worn)
 x - a +0 pair of boots (worn)
Jewellery
 z - an amulet of the acrobat (around neck)
 D - the ring "Arinaf" {rPois Will+ Str-4 Dex+4 SInv}
   (You found it on level 5 of the Dungeon)

   [ring of willpower]

   Str:       It affects your strength (-4).
   Dex:       It affects your dexterity (+4).
   rPois:     It protects you from poison.
   SInv:      It lets you see invisible.
   Will:      It increases your willpower.
Scrolls
 j - a scroll of blinking {unknown}
 l - a scroll of torment {unknown}
 p - a scroll of enchant weapon {unknown}
 s - a scroll of enchant armour
 A - a scroll of noise {unknown}
 B - a scroll of teleportation
 K - a scroll of summoning {unknown}
 L - 2 scrolls of magic mapping
Potions
 d - 2 potions of brilliance {unknown}
 f - 2 potions of berserk rage
 i - a potion of resistance {unknown}
 k - 3 potions of cancellation
 n - a potion of experience {unknown}
 o - 6 potions of curing
 t - a potion of ambrosia {unknown}
 C - 2 potions of mutation {unknown}
 E - a potion of attraction {unknown}
 F - 2 potions of heal wounds {unknown}
 H - a potion of invisibility {unknown}
 J - 2 potions of lignification {unknown}
Miscellaneous
 e - a condenser vane (inert)


   Skills:
 * Level 8.0 Fighting
 * Level 7.5 Long Blades
 * Level 8.0 Armour
 * Level 7.3 Shields
 + Level 1.9 Translocations
 + Level 4.4 Invocations


You had 8 spell levels left.
You didn't know any spells.
Your spell library contained the following spells:

 Spells                   Type           Power      Damage    Failure   Level
 Blink                    Tloc           N/A        N/A       77%         2
 Slow                     Hex            0%         N/A       95%         2
 Confusing Touch          Hex            0%         N/A       99%         3
 Vampiric Draining        Necr           0%         2d6       99%         3
 Manifold Assault         Tloc           3%         N/A       100%        5
 Storm Form               Tmut/Air       0%         N/A       100%        7


Dungeon Overview and Level Annotations

Branches:
Dungeon (7/15)             Temple (0/1) D:4

Altars:
Makhleb
Okawaru
Qazlal
Ru
Sif Muna
Uskayaw
Wu Jian
Xom
Yredelemnul
The Shining One

Annotations:
D:7 Maggie


Innate Abilities, Weirdness & Mutations

You are amphibious.
You cover ground slowly.
You can hop short distances.
You have an extended range of vision and can be seen from far away.


Message History

The small abomination is moderately damaged.
The small abomination hits you!
* * * LOW HITPOINT WARNING * * *
You slash the small abomination!
The small abomination is severely damaged.
You block the small abomination's attack.
You barely miss the small abomination.
The small abomination is severely damaged.
The small abomination closely misses you.
You riposte.
You hit the small abomination but do no damage.
The small abomination is severely damaged.
The small abomination hits you!
* * * LOW HITPOINT WARNING * * *
You hit the small abomination.
The small abomination is almost destroyed.
You block the small abomination's attack.
You hit the small abomination.
You destroy the small abomination!
Yredelemnul accepts your kill.
Your life force feels restored.
Your Fighting skill increases to level 8!
Your Armour skill increases to level 8!
You completely miss the wight. You block the wight's attack.
You hit the wight.
The wight is moderately damaged.
You block the wight's attack.
You slash the wight!
You destroy the wight!
Yredelemnul accepts your kill. You block the wight's attack.
You hit the wight but do no damage.
The wight hits you with a +0 mace of protection.
* * * LOW HITPOINT WARNING * * *
You block the wight's attack. x2
You hit the wight.
The wight is lightly damaged.
The wight hits you from afar with a +0 halberd!
You die...
Your body rises from the dead as a mindless zombie.

## #..
#..###
#....#####
#...#.#.zz@#
..
###..#z###
.. . #.# .#
# .# # # . #
#. .... # .
##..#. # #
#.# ####≈ #
## #... #
≈≈≈ # ..##
#.. ...


You could see 3 wights.

Vanquished Creatures
  Pikel (D:7)
  A wyvern (D:5)
  A golden eye (Abyss:1)
  Edmund (D:5)
  2 water moccasins (D:5)
  An ice beast (D:7)
  2 necrophages (D:4)
  3 ogres
  A lemure (D:6)
  3 kobold brigands
  A bullfrog (D:6)
  A scorpion (D:5)
  5 wights
  A crimson imp (D:5)
  An orc priest (D:4)
  2 small abominations (Abyss:1)
  A gnoll shaman (D:4)
  A hound (D:6)
  A bullfrog skeleton (D:4)
  2 iguanas
  An orc wizard (D:3)
  A hound skeleton (D:4)
  3 gnolls (D:4)
  2 howler monkey skeletons
  8 adders
  2 white imps
  An ufetubus (Abyss:1)
  2 dart slugs
  An orc (D:4)
  2 ball pythons
  9 endoplasms
  A giant cockroach (D:1)
  5 goblins
  10 hobgoblins
  18 jackals
  A quokka (D:2)
  3 bats
  5 frilled lizards
  20 kobolds
  2 rats
129 creatures vanquished.

Vanquished Creatures (collateral kills)
  2 ogres
  A howler monkey (D:5)
  4 adders
  2 gnolls (D:4)
  An orc (D:6)
  An endoplasm (D:3)
  2 giant cockroaches
  9 kobolds
  A rat (D:3)
23 creatures vanquished.

Vanquished Creatures (others)
  A bullfrog zombie (D:6)
  A kobold (D:5)
  4 adder zombies
  2 jackal zombies (D:3)
  10 kobold zombies
  An orc skeleton (D:4)
  A rat zombie (D:3)
  4 fungi (D:2)
  82 plants
106 creatures vanquished.

Grand Total: 258 creatures vanquished

Notes
Turn   | Place    | Note
-------+----------+-------------------------------------------
     0 | D:1      | Gwenloh the Barachi Fighter began the quest for the Orb.
     0 | D:1      | Reached XP level 1. HP: 18/18 MP: 1/1
   343 | D:1      | Reached XP level 2. HP: 23/25 MP: 2/2
   610 | D:1      | HP: 1/25 [poisoned by a kobold]
  1492 | D:2      | Reached XP level 3. HP: 26/30 MP: 3/3
  1792 | D:2      | Reached XP level 4. HP: 37/37 MP: 4/4
  2430 | D:2      | Found a faded altar of an unknown god.
  2439 | D:2      | Became a worshipper of Yredelemnul the Dark
  2439 | D:2      | Reached * piety under Yredelemnul
  3080 | D:3      | Reached XP level 5. HP: 39/43 MP: 5/5
  3341 | D:4      | Noticed an ogre
  3392 | D:4      | Noticed a kobold brigand
  3413 | D:3      | Killed a kobold brigand
  3414 | D:3      | Reached skill level 1 in Invocations
  3755 | D:4      | Reached XP level 6. HP: 45/50 MP: 6/6
  3761 | D:4      | Reached ** piety under Yredelemnul
  3849 | D:3      | Reached skill level 5 in Fighting
  3849 | D:3      | Reached skill level 5 in Armour
  4615 | D:4      | Found a staircase to the Ecumenical Temple.
  4749 | D:4      | Reached XP level 7. HP: 36/56 MP: 8/8
  5138 | D:5      | Entered Level 5 of the Dungeon
  5168 | D:4      | Reached skill level 5 in Shields
  5398 | D:5      | Reached skill level 5 in Long Blades
  5599 | D:5      | Reached XP level 8. HP: 53/64 MP: 10/10
  5721 | D:5      | Identified the ring "Arinaf" {rPois Will+ Str-4 Dex+4 SInv}
  5810 | D:5      | Noticed a wyvern
  5819 | D:5      | Killed a wyvern
  6125 | D:5      | Found a stormy altar of Qazlal.
  7116 | D:6      | Found a shimmering blue altar of Sif Muna.
  7186 | D:6      | Found an iron altar of Okawaru.
  7186 | D:6      | Found a hide-covered altar of Uskayaw.
  7207 | D:6      | Found a sacrificial altar of Ru.
  7251 | D:6      | Found an ornate altar of the Wu Jian Council.
  7253 | D:6      | Found a glowing golden altar of the Shining One.
  7302 | D:6      | Reached *** piety under Yredelemnul
  7392 | D:6      | Found a shimmering altar of Xom.
  7393 | D:6      | Found a burning altar of Makhleb.
  7423 | D:6      | HP: 3/65 [poisoned by a crimson imp]
  8005 | D:6      | Noticed Edmund
  8021 | D:5      | Killed Edmund
  8022 | D:5      | Reached XP level 9. HP: 64/72 MP: 10/12
  8099 | D:6      | Identified the +9 dagger "Uram" {protect, rElec SInv}
  8777 | D:7      | Noticed Maggie
  9067 | D:7      | Noticed Pikel
  9265 | D:7      | Killed Pikel
  9266 | D:7      | Reached skill level 1 in Translocations
  9404 | D:7      | Cast into level 1 of the Abyss (Maggie)
  9540 | Abyss:1  | HP: 1/74 [wight (5)]
  9541 | Abyss:1  | Mangled by a wight

Illustrated notes

Levels and vault maps discovered:
D:1:      eino_arrival_tree_alley, layout_loops_ring, kennysheep_boxes
D:2:      wad_woods_pond, layout_basic,
          dreamdust_ecumenical_altar_hidden_monk_grotto, grunt_ministairs_1
D:3:      layout_loops_ring
D:4:      layout_rooms, minmay_temple_entry_trees
D:5:      kennysheep_kobold_camp, layout_rooms, nicolae_qazlal_scattered_showers
D:6:      cheibrodos_thug_alley, layout_cave_pools,
          grunt_temple_overflow_champion_of_chaos, led_sif_book,
          chequers_temple_overflow_minitemple, uniq_edmund
D:7:      cheibrodos_shockbox, layout_basic, serial_corexii_hall,
          corexii_hall_statues_deadend, corexii_hall_statues_l, uniq_maggie,
          uniq_pikel
Abyss:1:  base:
Temple

Skill      XL: |  1  2  3  4  5  6  7  8  9 |
---------------+----------------------------+-----
Armour         | 4 5 6 7 8 |  8.0
Fighting       | 4 5 6 7 8 |  8.0
Long Blades    | 3 4 5 6 7 |  7.5
Shields        | 4 5 6 7 |  7.3
Invocations    | 1 2 4 |  4.4
Translocations | 1 |  1.9

Action                   |  1- 3 |  4- 6 |  7- 9 || total
-------------------------+-------+-------+-------++-------
Melee: Long sword        |   103 |   168 |   329 ||   600
       Unarmed           |       |       |     3 ||     3
 Fire: Hand crossbow     |       |       |    38 ||    38
Throw: Dart              |       |       |    26 ||    26
Invok: Animate Remains   |       |    14 |     9 ||    23
       Recall Undead Sla |       |     1 |     1 ||     2
       Injury Mirror     |       |     1 |       ||     1
       Animate Dead      |       |       |     4 ||     4
 Abil: Hop               |     2 |       |       ||     2
Evoke: Condenser vane    |       |       |     1 ||     1
  Use: Potion            |       |       |     5 ||     5
       Scroll            |       |       |     4 ||     4
 Stab: Distracted        |       |     2 |     2 ||     4
Armor: Scale mail        |    44 |    19 |       ||    63
       Ring mail         |       |    61 |   118 ||   179
Dodge: Dodged            |    37 |    43 |    89 ||   169
Block: Kite shield       |    61 |   100 |   191 ||   352
       Rpst.: Long sword |    11 |    16 |    22 ||    49

Table legend: (Time is in decaauts)
 A = Elapsed time spent in this place.
 B = Non-inter-level travel time spent in this place.
 C = Inter-level travel time spent in this place.
 D = Time resting spent in this place.
 E = Time spent auto-exploring this place.
 F = Levels seen in this place.
 G = Mean time per level.
                   A        B        C        D        E       F      G
               +--------+--------+--------+--------+--------+-----+--------+
         Total |  10613 |  10325 |    288 |   2278 |   5582 |   8 | 1326.6 |
       Dungeon |  10456 |  10168 |    288 |   2278 |   5582 |   7 | 1493.7 |
         Abyss |    156 |    156 |      0 |      0 |      0 |   1 |  156.0 |
               +--------+--------+--------+--------+--------+-----+--------+

Top non-repeatable levels by time:
     D:5: 2498 daAuts
     D:3: 2019 daAuts
     D:1: 1571 daAuts
     D:2: 1227 daAuts
     D:4: 1151 daAuts
     D:6: 1096 daAuts
     D:7: 890 daAuts
 Abyss:1: 156 daAuts
